 Dungeon Crawl Stone Soup version bcrawl-1.21.3 (webtiles) character file.

Game seed: 12758516075117722332

74 Flugslaktarn the Skirmisher (level 4, -5/29 HPs)
             Began as a Skeleton Archaeologist on Mar 30, 2020.
             Killed by divine providence
             ... invoked by an orc priest
              (11 damage)
             ... on level 3 of the Dungeon.
             The game lasted 00:01:37 (2749 turns).

Flugslaktarn the Skirmisher (SkAc)                  Turns: 2749, Time: 00:01:37

Health: -5/29      AC: 11    Str: 17 (18) XL:     4   Next: 9%
Magic:  0/4        EV:  8    Int: 10 (13) God:
Gold:   61         SH:  2    Dex:  7      Spells: 3/3 levels left

rFire    . . .     SeeInvis .   a - +0 whip
rCold    + . .     Gourm    .   k - +0 buckler (curse)
rNeg     + + +     Faith    .   j - +0 chain mail
rPois    ∞         Spirit   +   g - +0 helmet
rElec    .         Reflect  .   (no cloak)
rCorr    .         Harm     .   (no gloves)
MR       .....                  d - +1 pair of boots
Stlth    ..........             (no amulet)
HPRegen  0.09/turn              (no ring)
MPRegen  0.09/turn              (no ring)

@: no status effects
A: no food or potions, cold resistance 1, deterioration 1, negative energy
resistance 3, torment resistance, unbreathing, magic shield, sturdy frame 1,
spell healing
a: no special abilities


You were on level 3 of the Dungeon.
You were not hungry.

You visited 1 branch of the dungeon, and saw 3 of its levels.

You collected 61 gold pieces.

Inventory:

Hand Weapons
 a - a +0 whip (weapon)
 c - a cursed -1 hand axe
   (You took it off an orc on level 2 of the Dungeon)
Armour
 b - a +1 robe
 d - a +1 pair of boots (worn)
 g - a +0 helmet (worn)
   (You took it off Robin on level 2 of the Dungeon)
 j - a +0 chain mail (worn)
   (You found it on level 1 of the Dungeon)
 k - a cursed +0 buckler (worn)
   (You took it off a goblin on level 1 of the Dungeon)
Jewellery
 l - a +2 ring of intelligence {unknown}
   (You found it on level 1 of the Dungeon)
 m - an uncursed ring of magical power {unknown}
   (You found it on level 2 of the Dungeon)
 n - a +3 ring of dexterity {unknown}
   (You found it on level 2 of the Dungeon)
Scrolls
 e - 2 scrolls of magic mapping
 r - 6 scrolls of identify
 t - a scroll of teleportation
Miscellaneous
 f - a dusty tome


   Skills:
 + Level 3.9 Fighting
 * Level 0.4(1.0) Axes
 - Level 1.2(1.3) Maces & Flails
 + Level 0.2 Armour
 - Level 3.0 Dodging
 - Level 3.6 Stealth


You had 3 spell levels left.
You didn't know any spells.
Your spell library was empty.

Dungeon Overview and Level Annotations

Branches:
Dungeon (3/12)

Altars:
Kikubaaqudgha


Innate Abilities, Weirdness & Mutations

You do not eat or drink.
You are immune to poison.
Your flesh is cold resistant. (rC+)
Your body sometimes deteriorates upon taking damage.
You are immune to negative energy. (rN+++)
You are immune to unholy pain and torment.
You can survive without breathing.
When hurt, damage is shared between your health and your magic reserves.
Your movements are slightly less encumbered by armour. (ER -2)
Casting spells heals you.


Message History

An orc comes into view. It is wielding a +0 dagger.
The orc priest calls down the wrath of Beogh upon you.
Beogh smites you!
Your body deteriorates!
You feel weakened.
You closely miss the adder. The adder bites you but does no damage.
The adder bites you. The orc hits you with a +0 hand axe.
You barely miss the adder.
A rat comes into view.
The orc priest invokes the aid of Beogh against you.
Beogh smites you!
* * * LOW HITPOINT WARNING * * *
You block the adder's attack.
You are too injured to fight recklessly!
You are too injured to fight recklessly!
You are too injured to fight recklessly!
You are too injured to fight recklessly!
Unknown command.
The orc priest mumbles some strange prayers to Beogh against you.
Beogh smites you!
You die...

.###.###....# ....####
...†..##....##.#.[....#
...............#......#
.......#....####......##
........................
....###...)#............
..#.# #....#.........(..
#.### #....>.......$....
### #.....####@.w.....
#........So.......
#.......>..o.o....
#.#............#..
#.#.......##...r.. #
#........ .o....
......##. ...... ......
. ...... ...... .s ...


You could see an orc priest, an adder, a dart slug, 3 orcs and a rat.

Vanquished Creatures
  Robin (D:2)
  2 adders
  An ooze (D:2)
  A worm (D:2)
  3 orcs (D:2)
  11 goblins
  2 hobgoblins
  6 kobolds
  2 quokkas
  A ball python (D:3)
  3 bats (D:2)
  2 rats
35 creatures vanquished.

Notes
Turn   | Place    | Note
-------+----------+-------------------------------------------
     0 | D:1      | Flugslaktarn the Skeleton Archaeologist began the quest for
                  | the Orb.
     0 | D:1      | Reached XP level 1. HP: 12/12 MP: 1/1
   689 | D:1      | Reached XP level 2. HP: 17/17 MP: 2/2
  1046 | D:2      | Reached XP level 3. HP: 15/23 MP: 3/3
  1283 | D:2      | Noticed Robin
  1302 | D:2      | HP: 1/23 [goblin/+0 dagger[Robin] (4)]
  2198 | D:2      | Killed Robin
  2534 | D:2      | Found an ancient bone altar of Kikubaaqudgha.
  2613 | D:3      | Reached XP level 4. HP: 18/29 MP: 2/4
  2749 | D:3      | Killed from afar by an orc priest

Skill      XL: |  1  2 |
---------------+-------+-----
Fighting       | 2 3 |  3.9
Axes           | |  0.4
Maces & Flails | |  1.2
Armour         | |  0.2
Dodging        | |  3.0
Stealth        | |  3.6

Action                   |  1- 3 |  4- 6 || total
-------------------------+-------+-------++-------
Melee: Whip              |   275 |     5 ||   280
  Use: Scroll            |     3 |       ||     3
 Stab: Sleeping          |     1 |       ||     1
Armor: Chain mail        |   180 |     3 ||   183
       Robe              |     5 |       ||     5
Dodge: Dodged            |   132 |     2 ||   134
Block: Buckler           |    27 |     1 ||    28
